 Dungeon Crawl Stone Soup version 0.21-a0-41-g5e91fef (webtiles) character file.

23 Duffy the Skirmisher (level 2, 27/28 HPs)
             Began as a Naga Fighter on June 4, 2017.
             Quit the game on level 1 of the Dungeon.
             The game lasted 00:00:41 (746 turns).

Duffy the Skirmisher (Naga Fighter)                  Turns: 746, Time: 00:00:41

Health: 27/28      AC:  4    Str: 18    XL:     2   Next: 95%
Magic:  2/2        EV:  5    Int:  8    God:
Gold:   54         SH:  8    Dex: 10    Spells: 1/1 levels left

rFire    + . .     SeeInvis +   a - +0 war axe
rCold    . . .     Gourm    .   c - +0 shield
rNeg     . . .     Faith    .   b - +0 scale mail
rPois    +         Spirit   .   (no helmet)
rElec    .         Reflect  .   (no cloak)
rCorr    .         Harm     .   (no gloves)
MR       .....                  (no barding)
Stlth    ..........             o - amulet of inaccuracy (curse)
Regen    0.1/turn               h - ring of loudness (curse)
MPRegen  0.1/turn               j - ring of protection from fire

@: about to teleport, very slow
A: see invisible, deformed body, poison resistance, slowness 2, slow metabolism
1, spit poison 1, AC +0
a: Spit Poison


You were on level 1 of the Dungeon.
You were not hungry.

You visited 1 branch of the dungeon, and saw 1 of its levels.

You collected 54 gold pieces.

Inventory:

Hand Weapons
 a - a +0 war axe (weapon)
Armour
 b - a +0 scale mail (worn)
 c - a +0 shield (worn)
Jewellery
 h - a cursed ring of loudness (left hand)
 j - a ring of protection from fire (right hand)
 o - a cursed amulet of inaccuracy (around neck)
Potions
 d - a potion of might
 i - a potion of heal wounds
Comestibles
 f - a bread ration
 k - a royal jelly


   Skills:
 - Level 3.0 Fighting
 + Level 2.7 Axes
 - Level 2.4 Armour
 + Level 2.9 Shields


You had one spell level left.
You didn't know any spells.

Dungeon Overview and Level Annotations

Branches:
Dungeon (1/15)

Altars:


Innate Abilities, Weirdness & Mutations

You cannot wear boots.
Your serpentine skin is tough. (AC +0)
You have supernaturally acute eyesight. (SInv)
Armour fits poorly on your strangely shaped body.
Your system is resistant to poisons. (rPois)
You cover ground very slowly.
You have a slow metabolism.
You can spit poison.


Message History

No target in view!
No target in view!
No target in view!
No target in view!
No target in view!
As you read the scroll labeled ASUEJO DAUTOTH, it crumbles to dust.
You assume a fearsome visage.
Nothing appears to happen.
It was a scroll of fear.
As you read the scroll labeled DICUJU GARIETYESS, it crumbles to dust.
It is a scroll of recharging.
You aren't carrying any rechargeable items.
As you read the scroll labeled EXENIPL SIPPUMM, it crumbles to dust.
The scroll dissolves into smoke.
It was a scroll of fog.
As you read the scroll labeled ORPHUST YRONO, it crumbles to dust.
You feel strangely unstable.
It was a scroll of teleportation.
As you read the scroll labeled TADURESA QEAD, it crumbles to dust.
It is a scroll of identify.
i - a potion of heal wounds It was a potion of curing.
You feel better.
Are you sure you want to abandon this character and quit the game? (Confirm with "yes".)

# #.#.........#..........####
#######.###.......#.#.######.####
.................................
..........(.......#.#.######.####
#######.............#.# #.#### #
####...###..###.# #.)... # #...#
#00.##.# #..... . #...#
#0#.##.######..... # #...#
#@#..#.....##..... #...#
#0##.#.....##..... ...#
#0##.#.....##.....
#.##.#.....#......
..##.#.....#......
.###.......#...... .
##......####### .. #............#
##.....#####.#


There were no monsters in sight!

Vanquished Creatures
  A dart slug (D:1)
  A ball python (D:1)
  3 goblins (D:1)
  3 hobgoblins (D:1)
  2 kobolds (D:1)
  5 bats (D:1)
  A frilled lizard (D:1)
  2 rats (D:1)
18 creatures vanquished.

Notes
Turn   | Place    | Note
-------+----------+-------------------------------------------
     0 | D:1      | Duffy the Naga Fighter began the quest for the Orb.
     0 | D:1      | Reached XP level 1. HP: 21/21 MP: 1/1
    88 | D:1      | Reached XP level 2. HP: 23/28 MP: 2/2
   746 | D:1      | Quit the game

Vault maps used:
D:1:      matt_arrival_spirals

Action                   || total
-------------------------++-------
Melee: War axe           ||    68
  Use: Scroll            ||     5
       Potion            ||     1
Armor: Scale mail        ||    38
Dodge: Dodged            ||    20
Block: Shield            ||    41
